 Dungeon Crawl Stone Soup version 0.26-a0-597-gb535b0901c (webtiles) character file.

Game seed: 17098324385915809796

742 sappho the Stinger (level 7, -4/42 (45) HPs)
             Began as an Octopode Venom Mage on Aug 27, 2020.
             Slain by a sky beast (6 damage)
             ... on level 5 of the Dungeon.
             The game lasted 00:14:58 (6422 turns).

sappho the Stinger (Octopode Venom Mage)            Turns: 6422, Time: 00:14:59

HP:   -4/42 (45)    AC:  1    Str:  9    XL:     7   Next: 76%
MP:   4/13          EV: 13    Int: 17    God:
Gold: 195           SH:  4    Dex: 13    Spells: 4/14 levels left

rFire    . . .     SeeInvis .   g - +0 trident
rCold    . . .     Faith    .   m - +0 buckler
rNeg     . . .     Spirit   .   (helmet restricted)
rPois    .         Reflect  .   (no amulet)
rElec    .         Harm     .   i - ring of attention (curse)
rCorr    .                      (no ring)
MR       .....                  (no ring)
Stlth    ++........             (no ring)
HPRegen  0.14/turn              (no ring)
MPRegen  0.13/turn              (no ring)
                                (no ring)
                                (no ring)

@: no status effects
A: almost no armour, stealthy swim, amphibious, 8 rings, constrict 8, camouflage
1, gelatinous body 1
a: no special abilities


You were on level 5 of the Dungeon.
You visited 1 branch of the dungeon, and saw 5 of its levels.

You collected 195 gold pieces.

Inventory:

Hand Weapons
 a - a +0 hand axe
 b - a +0 dagger
 c - a +0 whip
 e - a +2 antimagic short sword
 g - a +0 trident (weapon)
 r - a +4 dagger of holy wrath
Missiles
 h - 16 poisoned darts (quivered)
Armour
 m - a +0 buckler (worn)
Jewellery
 i - a cursed ring of attention (left tentacle)
Wands
 p - a wand of iceblast (9)
Scrolls
 d - 3 scrolls of enchant weapon {unknown}
 f - 2 scrolls of identify {unknown}
 j - 4 scrolls of teleportation {unknown}
 l - a scroll of blinking {unknown}
 t - a scroll of fear {unknown}
 v - a scroll of holy word {unknown}
Potions
 k - 3 potions of curing
 n - 2 potions of degeneration {unknown}
 o - a potion of flight {unknown}
 q - a potion of lignification {unknown}
 s - a potion of resistance {unknown}
 u - a potion of haste {unknown}


   Skills:
 * Level 2.8 Fighting
 + Level 2.5 Polearms
 * Level 2.8 Dodging
 - Level 3.1 Stealth
 * Level 1.7 Shields
 + Level 4.0 Spellcasting
 * Level 1.7 Conjurations
 + Level 1.0 Transmutations
 - Level 2.2 Air Magic
 + Level 5.8 Poison Magic


You had 4 spell levels left.
You knew the following spells:

 Your Spells              Type           Power        Failure   Level
a - Sting                 Tmut/Pois      ###.         4%          1
b - Poisonous Vapours     Pois/Air       ###...       6%          2
c - Mephitic Cloud        Conj/Pois/Air  ##......     16%         3
d - Olgreb's Toxic Radia  Pois           ###.....     19%         4

Your spell library contained the following spells:

 Spells                   Type           Power        Failure   Level
 Ignite Poison            Fire/Tmut/Pois ##......     24%         3


Dungeon Overview and Level Annotations

Branches:
Dungeon (5/15)
 Temple: D:4-7

Altars:
Ashenzari
Kikubaaqudgha
Yredelemnul

Annotations:
D:1 exclusion: ooze


Innate Abilities, Weirdness & Mutations

You cannot wear most types of armour.
You are very stealthy in the water. (Stealth+)
You are amphibious.
You can wear up to eight rings at the same time.
You can use your tentacles to constrict eight enemies at once.
Your skin changes colour to match your surroundings (Stealth+).
Your rubbery body absorbs attacks. (AC +1, EV +1)


Message History

Aim: a sky beast (moderately wounded, very poisoned) Poisonous vapours surround the sky beast!
The sky beast is engulfed in poison gas.
The sky beast looks even sicker.
The sky beast flickers out of sight!
Deactivating autopickup; reactivate with Ctrl-A.
Something barely misses you.
You miss something. Your squeeze misses something. Something hits you.
Something shocks you.
You closely miss something. Something hits you. Something shocks you.
You barely miss something. Something hits you. Something shocks you.
You closely miss something. Something hits you. Something shocks you.
* * * LOW HITPOINT WARNING * * *
You miss something. Your squeeze misses something. Something hits you.
* * * LOW HITPOINT WARNING * * *
Something shocks you.
* * * LOW HITPOINT WARNING * * *
Something hits you.
* * * LOW HITPOINT WARNING * * *
Something shocks you.
You die...

##.#.#....##.......#
###..........<........
###......#..#.#.........
#........#...##.........
#...........###.>..#....
#...........#...........
###..#..................
##.#.........#........
#.......@.............
#.#####{#######+####..
#.# #.....# #.##.....##
#.#.....## #.#....##
#.+...# #.#..# #.#


There were no monsters in sight!

Vanquished Creatures
  A necrophage (D:4)
  A bullfrog (D:4)
  A scorpion (D:4)
  2 howler monkeys
  A bullfrog skeleton (D:5)
  2 hounds (D:4)
  3 orc priests
  An iguana (D:4)
  A worker ant (D:4)
  Ijyb (D:4)
  Robin (D:1)
  5 gnolls
  5 adders
  A white imp (D:5)
  An ufetubus (D:5)
  An ooze (D:1)
  3 worms
  2 dart slugs (D:4)
  5 leopard geckos
  10 orcs
  2 giant cockroaches
  9 hobgoblins
  5 kobolds (D:2)
  A quokka (D:4)
  2 ball pythons
  5 bats
  A frilled lizard (D:1)
  12 goblins
  A leopard gecko zombie (D:5)
  5 rats
91 creatures vanquished.

Notes
Turn   | Place    | Note
-------+----------+-------------------------------------------
     0 | D:1      | sappho the Octopode Venom Mage began the quest for the Orb.
     0 | D:1      | Reached XP level 1. HP: 11/11 MP: 3/3
   259 | D:1      | Reached skill level 4 in Poison Magic
   307 | D:1      | Reached XP level 2. HP: 17/17 MP: 1/5
   362 | D:1      | Learned a level 2 spell: Poisonous Vapours
   630 | D:1      | Reached XP level 3. HP: 16/21 MP: 3/6
  1002 | D:2      | Noticed Robin
  1360 | D:1      | Killed Robin
  1360 | D:1      | Reached skill level 1 in Air Magic
  1535 | D:2      | Reached skill level 1 in Fighting
  1535 | D:2      | Reached XP level 4. HP: 28/28 MP: 0/7
  2318 | D:2      | Found an ancient bone altar of Kikubaaqudgha.
  2881 | D:3      | Reached XP level 5. HP: 17/34 MP: 4/9
  3192 | D:3      | Reached skill level 5 in Poison Magic
  3626 | D:3      | Found a basalt altar of Yredelemnul.
  3788 | D:3      | Learned a level 3 spell: Mephitic Cloud
  3831 | D:3      | Reached XP level 6. HP: 29/39 MP: 10/10
  4062 | D:4      | Learned a level 4 spell: Olgreb's Toxic Radiance
  4288 | D:4      | Reached skill level 1 in Polearms
  4716 | D:4      | Noticed Ijyb
  4723 | D:4      | Killed Ijyb
  4875 | D:4      | Reached skill level 1 in Shields
  4875 | D:4      | Reached skill level 1 in Conjurations
  4875 | D:4      | Reached XP level 7. HP: 45/45 MP: 3/12
  5402 | D:5      | Entered Level 5 of the Dungeon
  5402 | D:5      | Found a shattered altar of Ashenzari.
  6422 | D:5      | HP: 2/42 [something (2)]
  6422 | D:5      | Slain by a sky beast

Illustrated notes

Levels and vault maps discovered:
D:1:      saegor_arrival_simple_a, layout_basic
D:2:      lemuel_upstairs_altar, layout_rooms, uniq_robin
D:3:      layout_loops_ring, lemuel_doored_altar, hangedman_decor_diamond_cutter
D:4:      layout_basic, serial_rivers, chequers_serial_rivers_micro_d,
          chequers_serial_rivers_small_3, chequers_serial_rivers_large_a,
          chequers_serial_rivers_micro_c, uniq_ijyb
D:5:      layout_cave_pools, minmay_temple_entry_waves, basic_altar,
          minmay_quadrilaterals, uniq_duvessa

Skill      XL: |  1  2  3  4  5  6  7 |
---------------+----------------------+-----
Poison Magic   | 4 5 |  5.8
Air Magic      | 1 2 |  2.2
Fighting       | 1 2 |  2.8
Stealth        | 3 |  3.1
Spellcasting   | 3 4 |  4.0
Polearms       | 2 |  2.5
Shields        | 1 |  1.7
Conjurations   | 1 |  1.7
Dodging        | |  2.8
Transmutations | |  1.0

Action                   |  1- 3 |  4- 6 |  7- 9 || total
-------------------------+-------+-------+-------++-------
Melee: Dagger            |     3 |       |       ||     3
       Trident           |     2 |    66 |    41 ||   109
       Tentacles         |     1 |    12 |     6 ||    19
       Constrict         |       |    17 |     7 ||    24
 Cast: Sting             |    11 |       |       ||    11
       Poisonous Vapours |    24 |    59 |    20 ||   103
 Stab: Sleeping          |     1 |     2 |     1 ||     4
Armor: Skin              |     1 |     3 |     2 ||     6
Dodge: Dodged            |    16 |    31 |    21 ||    68
Block: Buckler           |       |       |     6 ||     6

Table legend: (Time is in decaauts)
 A = Elapsed time spent in this place.
 B = Non-inter-level travel time spent in this place.
 C = Inter-level travel time spent in this place.
 D = Time resting spent in this place.
 E = Time spent auto-exploring this place.
 F = Levels seen in this place.
 G = Mean time per level.
                   A        B        C        D        E       F      G
               +--------+--------+--------+--------+--------+-----+--------+
         Total |   6461 |   6310 |    151 |   2943 |   2473 |   5 | 1292.2 |
       Dungeon |   6461 |   6310 |    151 |   2943 |   2473 |   5 | 1292.2 |
               +--------+--------+--------+--------+--------+-----+--------+

Top non-repeatable levels by time:
     D:4: 2077 daAuts
     D:1: 1496 daAuts
     D:3: 1438 daAuts
     D:2: 1232 daAuts
     D:5: 216 daAuts
